 Dungeon Crawl Stone Soup version 0.31-a0-986-g5e6e4ef867 (webtiles) character file.

Game seed: 17974846808924464414

35 Xavori the Trooper (level 3, -4/30 HPs)
             Began as a Djinni Chaos Knight on Nov 9, 2023.
             Was a Plaything of Xom.
             Slain by a sleepcap (10 damage)
             ... on level 2 of the Dungeon.
             The game lasted 00:01:15 (9186 turns).

Xavori the Trooper (Djinni Chaos Knight)            Turns: 9186, Time: 00:01:16

Health: -4/30      AC:  5    Str:  8      XL:     3   Next: 55%
Gold:   11         EV: 11    Int: 15 (17) God:    Xom [...*..] SH:  0 Dex: 12 (13)

rFire   + + .        a - +0 falchion (chaos)
rCold   x . .        (no shield)
rNeg    . . .        b - +2 leather armour
rPois   ∞            (helmet restricted)
rElec   .            (no cloak)
rCorr   .            (no gloves)
SInv    .            (boots unavailable)
Will    .....        (no amulet)
Stlth   +            (no ring)
HPRegen 0.25/turn    (no ring)
MPRegen 0.00/turn

%: clarity, infuse magic (-5 HP)
@: flying
A: sickness immunity, fire resistance 2, cold vulnerability 1, float, innate
caster, HP casting, extra vitality 1, antennae 1, clarity, clever 1,
deterioration 1, weak 1
a: Renounce Religion


You were on level 2 of the Dungeon.
You worshipped Xom.
You were a favourite toy of Xom.
You visited 1 branch of the dungeon, and saw 2 of its levels.

You collected 154 gold pieces.
You spent 143 gold pieces at shops.

Inventory:

Hand Weapons
 a - a +0 falchion of chaos (weapon)
Armour
 b - a +2 leather armour (worn)
Scrolls
 c - a scroll of butterflies
 e - a scroll of enchant weapon
 f - 2 scrolls of identify
 g - a scroll of fear
 h - a scroll of teleportation
Potions
 d - a potion of heal wounds {unknown}


   Skills:
 + Level 3.2 Fighting
 + Level 2.9 Long Blades
 + Level 1.4 Armour
 + Level 2.5 Dodging
 * Level 0.8 Spellcasting
 * Level 0.8 Conjurations
 * Level 0.8 Hexes
   Level 0.0 Charms
 * Level 0.8 Summonings
 * Level 0.8 Necromancy
 * Level 0.8 Translocations
 * Level 0.8 Transmutations
 * Level 0.8 Fire Magic
 * Level 0.8 Ice Magic
 * Level 0.8 Air Magic
 * Level 0.8 Earth Magic
 * Level 0.8 Poison Magic


You knew the following spells:

 Your Spells              Type           Power      Damage    Failure   Level
a - Sandblast             Erth           6%         2d5       26%         1
Your spell library was empty.

Dungeon Overview and Level Annotations

Branches:
Dungeon (2/15)

Altars:

Shops:
D:2 ?


Innate Abilities, Weirdness & Mutations

You are immune to sickness and miasma.
You are immune to poison.
Your flesh is very heat resistant. (rF++)
You are vulnerable to cold. (rC-)
You float through the air rather than walking.
You learn spells naturally, not from books.
Your magical power is your life essence.
You have superior vitality. (+4 MHP)
You have a pair of small antennae on your head.
You possess an exceptional clarity of mind.
Your mind is acute. (Int +4, Str/Dex -1)
Your body sometimes deteriorates upon taking damage.
You are weak. (Str -2)


Message History

The sleepcap releases spores at you but does no damage.
You hit the sleepcap but do no damage.
The sleepcap seems to grow stronger.
Xom thinks this is hilarious!
The sleepcap is lightly damaged.
The sleepcap releases spores at you.
Unknown command.
You hit the sleepcap. You freeze the sleepcap.
The sleepcap is moderately damaged.
The sleepcap closely misses you.
Unknown command.
You hit the sleepcap but do no damage.
The sleepcap is duplicated!
The sleepcap is moderately damaged.
The sleepcap releases spores at you!
Your body deteriorates!
You feel clumsy.
Unknown command.
You hit the sleepcap. You burn the sleepcap.
The sleepcap is severely damaged.
The sleepcap releases spores at you. The sleepcap closely misses you.
Unknown command.
You hit the sleepcap but do no damage.
The sleepcap is severely damaged.
The sleepcap misses you. The sleepcap barely misses you.
You hit the sleepcap.
The sleepcap is almost destroyed.
The sleepcap barely misses you. The sleepcap releases spores at you!
You are too injured to fight recklessly!
You are too injured to fight recklessly!
The sleepcap attacks as it pursues you! The sleepcap closely misses you.
The sleepcap attacks as it pursues you! The sleepcap releases spores at you.
The sleepcap attacks as it pursues you! The sleepcap releases spores at you!
* * * LOW HITPOINT WARNING * * *
The sleepcap attacks as it pursues you! The sleepcap completely misses you.
The sleepcap attacks as it pursues you!
The sleepcap releases spores at you but does no damage.
The sleepcap attacks as it pursues you! The sleepcap completely misses you.
The sleepcap attacks as it pursues you!
The sleepcap releases spores at you but does no damage.
The sleepcap attacks as it pursues you! The sleepcap releases spores at you!
You die...
Xom howls with laughter!

#.# #..# #.# #... ###########.#
#..# #........##.###########..#
#........'................
+......†.##.#..########..#
######........+....†...........
#............f##.#..#######...#
+............f@................
#.......#.######.#..#.........#
#.........#....................
#.........##.###.#....#...#####
#.........# ###...............
.......#....#
#.#...............
............#
#.......<.........
....#.......#
#.#.##.#.......###
....#.......#
#.#.##.##.#.##....


You could see 2 sleepcaps.

Vanquished Creatures
  An adder (D:2)
  6 ball pythons
  A bat (D:1)
  3 endoplasms (D:1)
  2 goblins (D:1)
  3 hobgoblins
  2 quokkas (D:1)
  5 frilled lizards (D:1)
  A kobold (D:1)
  3 rats (D:1)
27 creatures vanquished.

Notes
Turn   | Place    | Note
-------+----------+-------------------------------------------
     0 | D:1      | Xavori the Djinni Chaos Knight began the quest for the Orb.
     0 | D:1      | Reached XP level 1. HP: 20/20 MP: 0/0
   126 | D:1      | Reached XP level 2. HP: 25/25 MP: 0/0
   317 | D:1      | XOM: cloud trail
   344 | D:1      | Reached XP level 3. HP: 28/30 MP: 0/0
   344 | D:1      | Learned a level 1 spell: Sandblast
   420 | D:1      | Found a faded altar of an unknown god.
   463 | D:1      | XOM: divination: detect creatures
   924 | D:1      | XOM: silly message
  1326 | D:1      | XOM is BORED!
  1326 | D:1      | XOM: noise
  1418 | D:1      | XOM: noise
  1837 | D:1      | XOM: god gift: 44 gold pieces
  2168 | D:1      | XOM is BORED!
  2168 | D:1      | XOM: noise
  2372 | D:1      | XOM: give mutations
  2372 | D:1      | Gained mutation: Your mind is acute. (Int +4, Str/Dex -1)
                  | [Xom's mischief]
  2372 | D:1      | Gained mutation: Your body sometimes deteriorates upon
                  | taking damage. [Xom's mischief]
  2647 | D:1      | XOM: cloud trail
  3274 | D:1      | XOM is BORED!
  4609 | D:1      | XOM: god gift: +2 bardiche of venom
  4788 | D:1      | XOM: give mutations
  4788 | D:1      | Gained mutation: You possess an exceptional clarity of
                  | mind. [Xom's mischief]
  4788 | D:1      | Gained mutation: You are weak. (Str -2) [Xom's mischief]
  4788 | D:1      | Gained mutation: You have a pair of small antennae on your
                  | head. [Xom's mischief]
  4911 | D:1      | XOM is BORED!
  5902 | D:1      | XOM: cloud trail
  8339 | D:1      | XOM: god gift: 46 gold pieces
  9042 | D:2      | XOM is BORED!
  9042 | D:2      | XOM: stat loss: -2 Int (15/17)
  9068 | D:2      | Found Iclinynn's Magic Scroll Emporium.
  9071 | D:2      | Bought a scroll of identify for 26 gold pieces
  9071 | D:2      | Bought a scroll of fear for 52 gold pieces
  9071 | D:2      | Bought a scroll of teleportation for 39 gold pieces
  9071 | D:2      | Bought a scroll of identify for 26 gold pieces
  9186 | D:2      | Slain by a sleepcap

Illustrated notes

Levels and vault maps discovered:
D:1:      sevenhm_arrival_forest_fort_large_2, layout_rooms,
          ebering_ecumenical_altar_rust, chequers_serial_rivers_room_b
D:2:      layout_basic, serial_shops, shop, shop, nicolae_shop_trees,
          nicolae_shop_tiny_real_fake_doors

Action                     || total
---------------------------++-------
  Melee: Falchion          ||    83
    Use: Scroll            ||     2
 Armour: Leather armour    ||    44
  Dodge: Dodged            ||    68

Table legend: (Time is in decaauts)
 A = Elapsed time spent in this place.
 B = Non-inter-level travel time spent in this place.
 C = Inter-level travel time spent in this place.
 D = Time resting spent in this place.
 E = Time spent auto-exploring this place.
 F = Levels seen in this place.
 G = Mean time per level.
                   A        B        C        D        E       F      G
               +--------+--------+--------+--------+--------+-----+--------+
         Total |   9200 |   9134 |     66 |   8256 |    653 |   2 | 4600.0 |
       Dungeon |   9200 |   9134 |     66 |   8256 |    653 |   2 | 4600.0 |
               +--------+--------+--------+--------+--------+-----+--------+

Top non-repeatable levels by time:
     D:1: 9027 daAuts
     D:2: 172 daAuts
